 Dungeon Crawl Stone Soup version 0.13-a0-1590-g33f0eee (webtiles) character file.

708 Kae the Chiller (level 7, 32/50 HPs)
             Began as a Red Draconian Ice Elementalist on June 13, 2013.
             Was an Initiate of Sif Muna.
             Quit the game on Level 4 of the Dungeon.
             The game lasted 00:08:46 (3303 turns).

Kae the Chiller (Red Draconian Ice Elementalist)    Turns: 3303, Time: 00:08:46

HP  32/50        AC  6     Str 10      XL: 7   Next:  2%
MP   4/13        EV 12     Int 17      God: Sif Muna [......]
Gold 182         SH  0     Dex 12      Spells:  3 memorised,  5 levels left

Res.Fire  : + . .   See Invis. : .   y - +1 quarterstaff
Res.Cold  : . . .   Warding    : .   (armour unavailable)
Life Prot.: . . .   Conserve   : .   (no shield)
Res.Poison: .       Res.Corr.  : .   (helmet restricted)
Res.Elec. : .       Clarity    : .   (no cloak)
Sust.Abil.: . .     Spirit.Shd : .   (no gloves)
Res.Mut.  : .       Stasis     : .   (no boots)
Res.Rott. : .       Flight     : .   (no amulet)
Saprovore : . . .                    (no ring)
                                     (no ring)

@: slightly resistant to hostile enchantments, unstealthy
A: breathe fire, unfitting armour, hooves 1, fire resistance 1, slow metabolism
1, AC +6
a: Breathe Fire, Renounce Religion


You were on level 4 of the Dungeon.
You worshipped Sif Muna.
Sif Muna was noncommittal.
You were very hungry.

You visited 2 branches of the dungeon, and saw 5 of its levels.

You collected 162 gold pieces.

Inventory:

Hand weapons
 m - a +4,+1 elven short sword of draining
 o - a +0,+1 orcish dagger of returning (quivered)
 y - a +1,+1 quarterstaff (weapon)
 E - a +0 blowgun
Missiles
 F - 6 curare-tipped needles
Armour
 f - a +1 dwarven buckler
Comestibles
 c - 4 bread rations
 h - 2 meat rations
 j - 2 chokos
 z - a banana
 A - an orange
 B - an apricot
 G - 2 rotting chunks of worker ant flesh
 H - 3 rotting chunks of worker ant flesh
 I - a rotting chunk of iguana flesh
Potions
 a - a potion of brilliance {unknown}
 k - a potion of heal wounds {unknown}
 p - 4 potions of curing
 q - a potion of confusion {unknown}
 r - a potion of degeneration {unknown}
 v - a potion of paralysis {unknown}
 x - a potion of slowing {unknown}
 D - a potion of berserk rage {unknown}
Books
 b - a book of Frost

   Spells                             Type                      Level
   *Freeze                            Ice                          1
   *Throw Frost                       Conjuration/Ice              2
   *Ozocubu's Armour                  Charms/Ice                   3
   Throw Icicle                       Conjuration/Ice              4
   Summon Ice Beast                   Ice/Summoning                4
   Condensation Shield                Ice                          4


   Skills:
 + Level 2.1 Staves
 - Level 1.7 Dodging
 - Level 1.7 Stealth
   Level 1.2 Shields
 + Level 2.6 Spellcasting
 * Level 4.2 Conjurations
 * Level 4.6 Ice Magic


You had 5 spell levels left.
You knew the following spells:

 Your Spells              Type           Power        Failure   Level  Hunger
a - Freeze                Ice            ###.         2%          1    #......
b - Throw Frost           Conj/Ice       ###...       4%          2    ##.....
c - Ozocubu's Armour      Chrm/Ice       ##........   24%         3    ###....


Dungeon Overview and Level Annotations

Branches:
Dungeon (4/27)             Temple (1/1) D:4

Altars:
Ashenzari
Cheibriados
Elyvilon
Kikubaaqudgha
Makhleb
Sif Muna
Trog
Yredelemnul


Innate Abilities, Weirdness & Mutations

You can breathe blasts of fire.
Your fiery red scales are hard (AC +6).
Your body does not fit into most forms of armour.
Your cold-blooded metabolism reacts poorly to cold.
Your flesh is heat resistant.
You have large cloven feet.
You have a slow metabolism.


Message History

Your scales start taking on a fiery red colour.
You feel a sudden chill.
Your Ice Magic skill decreases to level 4!
You sock the rat!
You kill the rat!
Casting: Freeze
Confirm with . or Enter, or press ? or * to list all spells.
You can't see any susceptible monsters within range! (Use Z to cast anyway.)
Casting: Freeze
Confirm with . or Enter, or press ? or * to list all spells.
You can't see any susceptible monsters within range! (Use Z to cast anyway.) Unknown command.
Things that are here:
an orc corpse; an orcish robe; an orcish dagger; an orcish club
Things that are here:
an elven short sword of freezing; 22 stones; the elf corpse of Duvessa Use which ability? (? or * to list)
Okay, then.
Unknown command.
Are you sure you want to abandon this character and quit the game? (Confirm with "yes".)

#.#.........#.>.
#......>......#
###.........#.#
###..⌠...⌠..#.#
#...%.........# #
#.#.........#....
#.##%##.##.##....
#.[.%.#...........
##.@..##.........#
#....##(##≈PP....
#.....)..PP≈≈≈≈..
#..<)#...≈≈PP≈≈≈≈
#....#...P≈♣♣♣≈≈
#....#..≈≈P♣
##...(.P≈P♣♣
....##P.≈♣
#....###.P≈


There were no monsters in sight!

Vanquished Creatures
  A giant goldfish (D:3)
  Duvessa (D:4)
  A jellyfish (D:3)
  A big fish (D:3)
  A crimson imp (D:3)
  Dowan (D:4)
  An iguana (D:4)
  2 worker ants (D:4)
  2 orc wizards (D:4)
  Ijyb (D:1)
  Jessica (D:2)
  3 adders
  An inept feature mimic (D:2)
  2 worms (D:2)
  2 giant geckos (D:1)
  An ooze (D:2)
  7 orcs
  A ball python (D:3)
  4 bats
  A giant cockroach (D:1)
  15 goblins
  6 hobgoblins
  12 kobolds
  3 giant newts (D:2)
  A hobgoblin skeleton (D:4)
  8 rats
80 creatures vanquished.

Vanquished Creatures (others)
  A rat (D:2)
1 creature vanquished.

Grand Total: 81 creatures vanquished

Notes
Turn   | Place    | Note
--------------------------------------------------------------
     0 | D:1      | Kae, the Draconian Ice Elementalist, began the quest for the Orb.
     0 | D:1      | Reached XP level 1. HP: 14/14 MP: 3/3
   184 | D:1      | Reached XP level 2. HP: 20/20 MP: 2/4
   188 | D:1      | Learned a level 2 spell: Throw Frost
   842 | D:1      | Reached XP level 3. HP: 23/26 MP: 0/5
  1123 | D:2      | Noticed Ijyb
  1152 | D:1      | Killed Ijyb
  1152 | D:1      | Reached skill level 4 in Ice Magic
  1399 | D:2      | Reached XP level 4. HP: 30/33 MP: 4/7
  1464 | D:2      | Reached skill level 1 in Shields
  1543 | D:2      | Noticed Jessica
  1554 | D:2      | Killed Jessica
  1871 | D:3      | Learned a level 3 spell: Ozocubu's Armour
  2103 | D:3      | Reached XP level 5. HP: 35/38 MP: 5/9
  2178 | D:3      | Noticed a giant goldfish
  2194 | D:3      | Killed a giant goldfish
  2194 | D:3      | Reached skill level 1 in Staves
  2266 | D:3      | Reached skill level 5 in Ice Magic
  2266 | D:3      | Reached XP level 6. HP: 41/45 MP: 6/11
  3023 | D:4      | Found a staircase to the Ecumenical Temple.
  3064 | Temple   | Entered the Ecumenical Temple
  3095 | Temple   | Became a worshipper of Sif Muna the Loreminder
  3132 | Temple   | Gained mutation: You have a slow metabolism. [potion of beneficial mutation]
  3133 | Temple   | Gained mutation: You have large cloven feet. [potion of beneficial mutation]
  3150 | D:4      | Noticed Dowan
  3151 | D:4      | Noticed Duvessa
  3187 | D:4      | Killed Dowan
  3298 | D:4      | Killed Duvessa
  3298 | D:4      | Your scales start taking on a fiery red colour.
  3298 | D:4      | Gained mutation: Your flesh is heat resistant. [draconian maturity]
  3298 | D:4      | Reached XP level 7. HP: 31/50 MP: 5/13
  3303 | D:4      | Quit the game

Action                   |  1- 3 |  4- 6 |  7- 9 || total
-------------------------+-------+-------+-------++-------
Melee: Unarmed           |    20 |       |       ||    20
       Short sword       |     6 |     8 |       ||    14
       Quarterstaff      |       |    27 |     1 ||    28
 Cast: Freeze            |    56 |    99 |     1 ||   156
  Use: Scroll            |       |    12 |       ||    12
       Potion            |       |     3 |       ||     3
